 Dungeon Crawl Stone Soup version 0.24-a0-335-g06ca16a (webtiles) character file.

Game seed: 8474977485526381032

238 MisterFreud the Slasher (level 6, -4/42 HPs)
             Began as an Octopode Fighter on May 18, 2019.
             Slain by an iguana (12 damage)
             ... on level 4 of the Dungeon.
             The game lasted 00:03:38 (2058 turns).

MisterFreud the Slasher (Octopode Fighter)          Turns: 2058, Time: 00:03:38

Health: -4/42      AC:  1    Str: 15    XL:     6   Next: 7%
Magic:  6/6        EV: 11    Int: 12    God:
Gold:   169        SH:  9    Dex: 12    Spells: 5/5 levels left

rFire    . . .     SeeInvis .   a - +1 long sword
rCold    . . .     Gourm    .   b - +1 shield
rNeg     . . .     Faith    .   (helmet restricted)
rPois    .         Spirit   .   (no amulet)
rElec    .         Reflect  .   (no ring)
rCorr    .         Harm     .   (no ring)
MR       .....                  (no ring)
Stlth    ++........             (no ring)
HPRegen  0.14/turn              (no ring)
MPRegen  0.10/turn              (no ring)
                                (no ring)
                                (no ring)

@: no status effects
A: almost no armour, stealthy swim, amphibious, 8 rings, constrict 8, camouflage
1, gelatinous body 1
a: no special abilities


You were on level 4 of the Dungeon.
You were not hungry.

You visited 1 branch of the dungeon, and saw 4 of its levels.

You collected 169 gold pieces.

Inventory:

Hand Weapons
 a - a +1 long sword (weapon)
Missiles
 e - 7 boomerangs
 g - 110 stones (quivered)
 i - 16 bolts
 l - 29 arrows
 n - 30 sling bullets
 p - 7 curare-tipped darts
Armour
 b - a +1 shield (worn)
Scrolls
 j - a scroll of magic mapping
 m - a scroll of enchant weapon
 t - 2 scrolls of remove curse {unknown}
Potions
 c - 2 potions of might
 f - 2 potions of mutation
 h - a potion of cancellation
 o - 2 potions of invisibility
 q - a potion of berserk rage
 r - a potion of haste
 s - a potion of curing {unknown}
Comestibles
 d - 9 rations
 k - 6 chunks of flesh


   Skills:
 - Level 3.0 Fighting
 + Level 6.1 Long Blades
 - Level 3.0 Dodging
 - Level 3.0 Shields


You had 5 spell levels left.
You didn't know any spells.
Your spell library was empty.

Dungeon Overview and Level Annotations

Branches:
Dungeon (4/15)
 Temple: D:4-7

Altars:
Elyvilon
Hepliaklqana
Kikubaaqudgha
Vehumet
Yredelemnul


Innate Abilities, Weirdness & Mutations

You cannot wear most types of armour.
You are very stealthy in the water. (Stealth+)
You are amphibious.
You can wear up to eight rings at the same time.
You can use your tentacles to constrict eight enemies at once.
Your skin changes colour to match your surroundings (Stealth+).
Your rubbery body absorbs attacks. (AC +1, EV +1)


Message History

t - 2 scrolls labeled SYOCLAELIL (gained 1)
An iguana comes into view.
The helpless iguana fails to defend itself.
You hit the iguana. You grab the iguana.
The iguana is moderately wounded.
You constrict the iguana. You block the iguana's attack.
You hit the iguana.
You squeeze the iguana, but do no damage.
The iguana is moderately wounded.
You constrict the iguana. You block the iguana's attack.
You hit the iguana.
You squeeze the iguana, but do no damage.
The iguana is severely wounded.
You constrict the iguana. The iguana bites you! x2
* * * LOW HITPOINT WARNING * * *
You are too injured to fight recklessly!
You hit the iguana.
The iguana is almost dead.
You constrict the iguana. The iguana bites you!
You die...

≈###≈≈≈≈###≈.#
#.##
.≈≈≈≈≈≈≈≈≈≈..##
#.#
.≈≈≈≈≈≈≈≈≈≈...#
#.#
≈###≈≈≈≈###≈..#
#.#
#...#≈≈#...#..#
#.⌠ #..#.⌠.#..# #
..#..#...#..##
##....###.[..###
.......@.........
#.....l#.....####
#####..##.##..#
#... #.# ....
..... .!. .....
#..... .........
#....# #.### ##.
#.... .#


You could see an iguana.

Vanquished Creatures
  A howler monkey (D:3)
  A crimson imp (D:3)
  A bullfrog skeleton (D:3)
  A worker ant (D:4)
  3 adders
  2 oozes (D:2)
  A worm (D:3)
  2 dart slugs
  3 leopard geckos
  3 orcs (D:3)
  5 giant cockroaches
  4 goblins
  5 hobgoblins
  3 jackals (D:3)
  10 kobolds
  A quokka (D:2)
  3 ball pythons
  6 bats
  4 frilled lizards
  8 rats
  A rat zombie (D:3)
68 creatures vanquished.

Notes
Turn   | Place    | Note
-------+----------+-------------------------------------------
     0 | D:1      | MisterFreud the Octopode Fighter began the quest for the
                  | Orb.
     0 | D:1      | Reached XP level 1. HP: 16/16 MP: 1/1
    73 | D:1      | Reached XP level 2. HP: 12/21 MP: 2/2
   140 | D:1      | Reached skill level 3 in Long Blades
   586 | D:2      | Reached XP level 3. HP: 25/26 MP: 3/3
   957 | D:2      | Found a radiant altar of Vehumet.
  1019 | D:2      | Reached skill level 4 in Long Blades
  1255 | D:3      | Found an ancient bone altar of Kikubaaqudgha.
  1301 | D:3      | Reached XP level 4. HP: 31/31 MP: 4/4
  1377 | D:3      | Found a basalt altar of Yredelemnul.
  1421 | D:3      | Reached skill level 5 in Long Blades
  1421 | D:3      | Reached XP level 5. HP: 27/36 MP: 5/5
  1608 | D:3      | Found a hazy altar of Hepliaklqana.
  1608 | D:3      | Found a white marble altar of Elyvilon.
  2047 | D:4      | Reached skill level 6 in Long Blades
  2047 | D:4      | Reached XP level 6. HP: 31/42 MP: 6/6
  2058 | D:4      | Slain by an iguana

Levels and vault maps discovered:
D:1:      psy_arrival_whirlpool, layout_basic
D:2:      layout_basic, fiery_altar_vehumet, minmay_misc_feat_ornament
D:3:      layout_loops_ring, yredelemnul_altar_generic,
          lemuel_zombie_altar_kikubaaqudgha, gammafunk_temple_overflow_pools
D:4:      layout_rooms, temple_doors_cd, gup_sewer_entry_bubbles, fountainhead,
          uniq_crazy_yiuf_cottage

Skill      XL: |  1  2  3  4  5 |
---------------+----------------+-----
Long Blades    | 3 4 5 6 |  6.1
Fighting       | |  3.0
Dodging        | |  3.0
Shields        | |  3.0

Action                   |  1- 3 |  4- 6 || total
-------------------------+-------+-------++-------
Melee: Long sword        |    62 |    72 ||   134
       Constrict         |    17 |    21 ||    38
       Tentacles         |    11 |    15 ||    26
  Use: Scroll            |    10 |     3 ||    13
 Stab: Sleeping          |     5 |     6 ||    11
  Eat: Chunk             |     1 |     3 ||     4
Armor: Skin              |     7 |     3 ||    10
Dodge: Dodged            |    23 |    28 ||    51
Block: Shield            |    24 |    31 ||    55
       Rpst.: Long sword |     5 |    11 ||    16

Table legend:
 A = Non-vault XP
 B = Vault XP
 C = Vault XP percentage of total XP
 D = Non-vault monster count
 E = Vault monster count
 F = Vault count percentage of total count
                 A         B        C        D         E       F
            +---------+---------+-------+---------+---------+-------
      Total |     340 |       1 |   0.3 |      67 |       1 |   1.5
            +---------+---------+-------+---------+---------+-------
        D:1 |      24 |       0 |   0.0 |      13 |       0 |   0.0
        D:2 |      46 |       0 |   0.0 |      16 |       0 |   0.0
        D:3 |     221 |       1 |   0.5 |      36 |       1 |   2.7
        D:4 |      49 |       0 |   0.0 |       2 |       0 |   0.0
            +---------+---------+-------+---------+---------+-------
